 Seeded DCSS version 0.30-a0-118-ga018f8e90f (webtiles) character file.

Game seed: 17246712331252751712 (custom seed)

22505 wilfster70 the Bludgeoner (level 13, 111/119 HPs)
             Began as a Hill Orc Monk on Sept 12, 2022.
             Was a High Priest of Beogh (penitent).
             Quit the game on level 2 of the Lair of Beasts on Sept 13, 2022.
             The game lasted 00:34:44 (12196 turns).

wilfster70 the Bludgeoner (Hill Orc Monk)          Turns: 12196, Time: 00:34:44

Health: 111/119    AC: 20    Str: 19    XL:     13   Next: 0%
Magic:  22/22      EV: 21    Int: 10    God:    Beogh [*****.]
Gold:   634        SH:  8    Dex: 13    Spells: 12/12 levels left

rFire   . . .      SeeInvis .    a - +7 war axe (flame)
rCold   . . .      Faith    .    e - +3 warlock's mirror {reflect}
rNeg    . . .      Spirit   .    B - +1 plate armour
rPois   +          Reflect  +    w - +2 helmet "Wof Zym" {Regen+}
rElec   .          Harm     .    (no cloak)
rCorr   .          Rampage  .    (no gloves)
Will    .....                    d - +2 pair of boots {Fly}
Stlth   ..........               K - amulet of the acrobat
HPRegen 1.09/turn                R - ring of poison resistance
MPRegen 0.18/turn                r - ring of flight

@: acrobatic, flying
A: no striking features
a: Renounce Religion


You were on level 2 of the Lair of Beasts.
You worshipped Beogh.
Beogh was demanding penance.
You visited 2 branches of the dungeon, and saw 16 of its levels.
You also visited: Sewer.

You collected 914 gold pieces.
You spent 280 gold pieces at shops.

Inventory:

Hand Weapons
 a - a +7 war axe of flaming (weapon)
 j - a +1 demon trident of electrocution
 u - a +0 glaive
 P - a +0 trident
 Z - a +0 halberd
Missiles
 F - 34 poisoned darts (quivered)
 T - 4 curare-tipped darts
Armour
 d - a +2 pair of boots of flying (worn)
 e - the +3 warlock's mirror (worn) {reflect}
   (You acquired it on level 1 of the Dungeon)

   It can block and reflect piercing ranged attacks and magical attacks against
   the wielder's willpower.
 p - +0 acid dragon scales
 w - the +2 helmet "Wof Zym" (worn) {Regen+}
   (You acquired it in a sewer)

   Regen:     It increases your rate of health regeneration.
 B - a +1 plate armour (worn)
 H - a +2 plate armour
 Q - the +3 crown of Dyrovepreva {rElec Int+2 SInv}
   (You found it on level 10 of the Dungeon)

   Int:       It affects your intelligence (+2).
   rElec:     It insulates you from electricity.
   SInv:      It lets you see invisible.
Jewellery
 r - a ring of flight (right hand)
 K - an amulet of the acrobat (around neck)
 R - a ring of poison resistance (left hand)
Wands
 C - a wand of paralysis (12)
 G - a wand of mindburst (3)
 S - a wand of flame (22)
 W - a wand of roots (4)
 X - a wand of polymorph (2)
Scrolls
 b - 2 scrolls of noise {unknown}
 f - 2 scrolls of blinking
 g - 7 scrolls of teleportation
 h - 6 scrolls of fog {unknown}
 k - 2 scrolls of amnesia {unknown}
 m - a scroll of poison
 n - a scroll of brand weapon
 s - 2 scrolls of fear
 v - 2 scrolls of summoning
 x - 4 scrolls of magic mapping
 y - a scroll of enchant armour
 I - a scroll of silence {unknown}
 L - 4 scrolls of vulnerability {unknown}
Potions
 c - 7 potions of ambrosia
 i - 9 potions of curing
 l - 2 potions of cancellation
 o - 3 potions of lignification
 q - a potion of magic
 t - 3 potions of resistance
 z - 4 potions of invisibility
 A - 5 potions of heal wounds
 D - 2 potions of mutation
 E - 2 potions of might
 O - a potion of brilliance
 U - 2 potions of haste
 V - 2 potions of berserk rage


   Skills:
 + Level 12.8 Fighting
 - Level 4.0(12.7) Axes
 * Level 15.7(15.8) Maces & Flails
 - Level 5.8 Armour
 - Level 2.4 Dodging
 - Level 1.5 Stealth
 - Level 4.0 Shields
 + Level 12.7 Invocations


You had 12 spell levels left.
You didn't know any spells.
Your spell library contained the following spells:

 Spells                   Type           Power      Damage    Failure   Level
 Beastly Appendage        Tmut           0%         N/A       100%        1
 Foxfire                  Conj/Fire      0%         2x1d4     100%        1
 Sandblast                Erth           0%         2d4       100%        1
 Blink                    Tloc           0%         N/A       100%        2
 Ensorcelled Hibernation  Hex/Ice        0%         N/A       100%        2
 Passwall                 Tmut/Erth      0%         N/A       100%        2
 Wereblood                Tmut           0%         N/A       100%        2
 Inner Flame              Hex/Fire       0%         N/A       100%        3
 Kindle Blastsparks       Fire/Tloc/Air  0%         2d10      100%        3
 Lesser Beckoning         Tloc           0%         N/A       100%        3
 Spider Form              Tmut/Pois      0%         N/A       100%        3
 Stone Arrow              Conj/Erth      0%         3d7       100%        3
 Summon Guardian Golem    Hex/Summ       0%         N/A       100%        3
 Anguish                  Hex/Necr       0%         N/A       100%        4
 Animate Armour           Summ/Erth      0%         N/A       100%        4
 Flame Wave               Conj/Fire      0%         2d4       100%        4
 Manifold Assault         Tloc           0%         N/A       100%        4
 Arcjolt                  Conj/Air       0%         1d10      100%        5
 Blade Hands              Tmut           0%         N/A       100%        5
 Iskenderun's Battlesphe  Conj           0%         2d6       100%        5
 Iron Shot                Conj/Erth      0%         9d1       100%        6
 Orb of Destruction       Conj           0%         9d5       100%        7
 Spellforged Servitor     Conj/Summ      0%         N/A       100%        7


Dungeon Overview and Level Annotations

Branches:
Dungeon (14/15)            Temple (0/1) D:7            Lair (2/5) D:11
    Orc (0/2) D:11          Sewer (visited)
  Swamp: Lair:2-3    Shoals: Lair:2-3     Snake: Lair:2-3    Spider: Lair:2-3
 Vaults: D:13-14

Altars:
Ashenzari
Dithmenos
Elyvilon
Gozag
Hepliaklqana
Kikubaaqudgha
Makhleb
Nemelex Xobeh
Ru
Sif Muna
Trog
Wu Jian
The Shining One

Shops:
D:12 *

Portals:
Trove: D:10 (give +2 gold dragon scales)

Annotations:
D:3 1 exclusion
D:13 Frances


Message History

Flame seeps out of Hilgar.
You start waiting.
Flame seeps out of Hilgar.
You feel very guilty. "You will pay for your transgression, mortal!"
Hilgar is engulfed in blazing flames.
Flame seeps out of Hilgar.
You start waiting.
Flame seeps out of Hilgar.
Hilgar is engulfed in blazing flames.
Flame seeps out of Hilgar.
You start waiting.
Flame seeps out of Hilgar.
Hilgar is engulfed in blazing flames.
Flame seeps out of Hilgar.
You start waiting.
Flame seeps out of Hilgar.
You feel very guilty. "You will pay for your transgression, mortal!"
Hilgar is engulfed in blazing flames.
Flame seeps out of Hilgar.
You start waiting.
Flame seeps out of Hilgar.
Hilgar is engulfed in blazing flames.
Flame seeps out of Hilgar.
You start waiting.
Flame seeps out of Hilgar.
Hilgar is engulfed in blazing flames.
Flame seeps out of Hilgar.
You start waiting.
Flame seeps out of Hilgar.
You feel very guilty. "You will pay for your transgression, mortal!"
Hilgar is engulfed in blazing flames.
Hilgar the orc knight explodes!
The fiery explosion engulfs you!! The fiery explosion engulfs your wolf!
Your wolf is almost dead.
Your wolf dissolves into shadows!
You swap places.
Your rime drake is engulfed in blazing flames.
Your rime drake is engulfed in blazing flames.
Your orc knight's inner flame fades away.
You swap places.
You swap places.
Really fly into that cloud of flame? [Y]es or [N]o only, please.
Really fly into that cloud of flame?
Okay, then.
Things that are here:
a +0 arbalest; a +1 demon trident of electrocution; a +2 plate armour
j - a +1 demon trident of electrocution;
H - a +2 plate armour You swap places.
Okay, then.
Unknown command.
Unknown command.
Are you sure you want to abandon this character and quit the game? (Confirm with "yes".)

***** *** ##* ,,,,***,*###.#####
,,,***,*,.....<..###########
,,,*****,..................# #
,,,,***,,.....#..........#.### #
,,,*,,,,,..........)#...#....## #
,,,+,,,*,.......@lo....#..P...###
,,,****,,........#k..............
,,,* **,...................#....
,,,** *,,..........#.......#...##
.,,,* **,.......#...#......#####
.,,** *,............#....## .,**
*,#.......#........#* ###
*,#.###..#......#...# # #.##
**,,###.....##...#..# #


You could see a friendly orc knight, a friendly komodo dragon (summoned) and a
friendly rime drake (summoned).

Vanquished Creatures
  An orc knight (Lair:2)
  Josephine (D:10)
  A hydra (D:14)
  A two-headed ogre (D:10)
  Urug (Lair:1)
  A manticore (D:11)
  An ugly thing (D:11)
  A cane toad (Lair:2)
  4 kobold demonologists (D:11)
  2 rime drakes (Lair:1)
  3 trolls
  A hornet (D:8)
  15 yaks
  5 wraiths
  A steam dragon (D:8)
  2 vampire mosquitoes (D:11)
  A warg (D:11)
  A water moccasin (D:7)
  An ice beast (D:6)
  4 black bears
  A centaur (D:10)
  A wolf (Lair:2)
  6 kobold brigands
  A phantom (D:6)
  2 necrophages (D:5)
  6 bullfrogs
  A gnoll sergeant (D:8)
  A scorpion (D:5)
  A wight (D:8)
  13 killer bees
  A howler monkey (D:9)
  3 hounds
  A jelly (D:6)
  2 orc priests
  A gnoll bouda (D:5)
  4 iguanas
  9 orc wizards
  9 gnolls (D:5)
  11 adders
  4 river rats
  A shadow imp (D:7)
  An ufetubus (D:5)
  3 worms
  4 dart slugs
  13 orcs
  6 ball pythons
  3 bats
  6 endoplasms
  8 giant cockroaches
  7 goblins
  5 hobgoblins
  3 quokkas
  A frilled lizard (D:2)
  15 kobolds
  5 rats
207 creatures vanquished.

Vanquished Creatures (collateral kills)
  A hydra (Lair:1)
  4 two-headed ogres
  Nergalle (Lair:2)
  Amaemon (Lair:1)
  An oklob plant (D:11)
  2 cyclopes
  Joseph (D:7)
  A black mamba (Lair:2)
  A torpor snail (Lair:1)
  An orange demon (Lair:1)
  6 cane toads
  3 komodo dragons
  4 rime drakes
  A freezing wraith (D:14)
  A queen bee (Lair:2)
  A hornet (D:9)
  A wyvern (Lair:2)
  A wraith (D:10)
  10 yaks
  2 steam dragons
  2 vampire mosquitoes (D:11)
  5 acid dragons
  A warg (D:11)
  5 water moccasins
  2 orc warriors (D:11)
  10 wolves
  4 bullfrogs
  3 wights (D:8)
  19 killer bees
  A howler monkey (D:6)
  4 hounds
  A jelly (D:6)
  4 orc wizards
  An adder (D:6)
  2 river rats (D:10)
  An ufetubus (D:6)
  3 orcs
  2 goblins (D:11)
  2 kobolds (D:9)
  2 bushes
  3 butterflies (Lair:1)
121 creatures vanquished.

Vanquished Creatures (others)
  An orc knight (Lair:1)
  4 orc warriors
  3 orc priests
  2 orc wizards
  15 orcs
  10 fungi
  21 plants
56 creatures vanquished.

Grand Total: 384 creatures vanquished

Notes
Turn   | Place    | Note
-------+----------+-------------------------------------------
     0 | D:1      | wilfster70 the Hill Orc Monk began the quest for the Orb.
     0 | D:1      | Reached XP level 1. HP: 19/19 MP: 1/1
   329 | D:1      | Reached skill level 1 in Maces & Flails
   329 | D:1      | Reached XP level 2. HP: 20/27 MP: 2/2
   334 | D:1      | Identified a scroll of acquirement
   334 | D:1      | Acquired a +2 pair of boots of flying
   445 | D:1      | Acquired the +3 warlock's mirror {reflect}
   445 | D:1      | Found the +3 warlock's mirror {reflect}
   631 | D:1      | Reached skill level 1 in Armour
  1213 | D:2      | Reached XP level 3. HP: 30/33 MP: 3/3
  1257 | D:2      | Reached skill level 2 in Maces & Flails
  1610 | D:2      | Found a faded altar of an unknown god.
  1732 | D:3      | Reached skill level 1 in Shields
  1791 | D:3      | Found a glowing drain.
  1813 | D:3      | Reached XP level 4. HP: 28/40 MP: 4/4
  1840 | Sewer    | Entered a sewer
  2103 | Sewer    | Acquired the +2 helmet "Wof Zym" {Regen+}
  2133 | Sewer    | Reached skill level 3 in Maces & Flails
  2133 | Sewer    | Reached XP level 5. HP: 47/47 MP: 5/5
  2164 | Sewer    | Noticed a kobold brigand
  2178 | Sewer    | Killed a kobold brigand
  2210 | Sewer    | Reached XP level 6. HP: 53/53 MP: 6/6
  2235 | Sewer    | Reached skill level 4 in Maces & Flails
  2337 | Sewer    | Reached skill level 5 in Fighting
  2714 | D:3      | Reached XP level 7. HP: 61/61 MP: 7/7
  2724 | D:3      | Found an opulent altar of Gozag.
  2734 | D:3      | Found a burning altar of Makhleb.
  2789 | D:3      | Became a worshipper of Beogh the Brigand
  2789 | D:3      | Reached * piety under Beogh
  2789 | D:3      | Reached ** piety under Beogh
  2866 | D:3      | Found an ornate altar of the Wu Jian Council.
  2991 | D:3      | Found a shimmering blue altar of Sif Muna.
  3007 | D:3      | Found an ancient bone altar of Kikubaaqudgha.
  3162 | D:4      | Reached skill level 5 in Maces & Flails
  3162 | D:4      | Reached skill level 1 in Invocations
  3171 | D:4      | Found a sacrificial altar of Ru.
  3538 | D:4      | Found a bloodstained altar of Trog.
  3620 | D:5      | Entered Level 5 of the Dungeon
  3706 | D:5      | Reached XP level 8. HP: 56/70 MP: 9/9
  3712 | D:5      | Reached skill level 6 in Maces & Flails
  4169 | D:5      | Found a shadowy altar of Dithmenos.
  4177 | D:5      | Reached *** piety under Beogh
  4401 | D:5      | Found a sparkling altar of Nemelex Xobeh.
  4877 | D:6      | Reached skill level 7 in Maces & Flails
  5032 | D:6      | Reached skill level 5 in Armour
  5032 | D:6      | Reached XP level 9. HP: 53/78 MP: 12/12
  5476 | D:7      | Found a staircase to the Ecumenical Temple.
  5533 | D:7      | Noticed Joseph
  5544 | D:7      | Killed Joseph
  5548 | D:7      | Reached skill level 8 in Maces & Flails
  5548 | D:7      | Reached skill level 5 in Invocations
  6409 | D:8      | Found a broken altar of Ashenzari.
  6481 | D:8      | Found a faded altar of an unknown god.
  6481 | D:8      | Found a hazy altar of Hepliaklqana.
  6622 | D:8      | Noticed a hornet
  6631 | D:8      | Killed a hornet
  6771 | D:8      | Reached skill level 9 in Maces & Flails
  7100 | D:9      | Noticed a hornet
  7103 | D:9      | Paralysed by a hornet for 3 turns
  7107 | D:9      | Killed a hornet
  7546 | D:9      | Found a white marble altar of Elyvilon.
  7603 | D:9      | Reached XP level 10. HP: 85/89 MP: 15/15
  7724 | D:9      | Found a glowing golden altar of the Shining One.
  7789 | D:9      | Reached skill level 10 in Maces & Flails
  8021 | D:10     | Entered Level 10 of the Dungeon
  8021 | D:10     | Noticed a two-headed ogre
  8025 | D:10     | Killed a two-headed ogre
  8077 | D:10     | Found the +3 crown of Dyrovepreva {rElec Int+2 SInv}
  8113 | D:10     | Reached skill level 11 in Maces & Flails
  8114 | D:10     | Reached **** piety under Beogh
  8175 | D:10     | Noticed Josephine
  8181 | D:10     | Killed Josephine
  8216 | D:10     | Reached XP level 11. HP: 67/99 MP: 15/17
  8365 | D:10     | Gained Hilgar as an ally
  8393 | D:10     | Found a portal to a secret trove of treasure.
  8431 | D:10     | Noticed a two-headed ogre
  8436 | D:10     | Reached skill level 10 in Fighting
  8439 | D:10     | Killed a two-headed ogre
  8440 | D:10     | Reached skill level 12 in Maces & Flails
  8562 | D:10     | Noticed a cyclops
  8568 | D:10     | Killed a cyclops
  8728 | D:11     | Noticed a manticore
  8731 | D:11     | Noticed a two-headed ogre
  8737 | D:11     | Killed a manticore
  8740 | D:11     | Killed a two-headed ogre
  8840 | D:11     | Found a staircase to the Lair.
  8840 | D:11     | Noticed an oklob plant
  8844 | D:11     | Killed an oklob plant
  8940 | D:11     | Reached skill level 10 in Invocations
  8948 | D:11     | Found a staircase to the Orcish Mines.
  9039 | D:11     | Gained Alork as an ally
  9048 | D:11     | Noticed a white ugly thing
  9050 | D:11     | Your ally Alork died
  9059 | D:11     | Killed a white ugly thing
  9196 | D:11     | Reached skill level 13 in Maces & Flails
  9312 | D:11     | You are sucked into a shaft and drop 3 floors!
  9392 | D:14     | Noticed a cyclops
  9400 | D:14     | Killed a cyclops
  9446 | D:14     | Noticed a seven-headed hydra
  9448 | D:14     | Noticed a death knight
  9450 | D:14     | Noticed a skeletal warrior
  9451 | D:14     | Killed a seven-headed hydra
  9616 | D:13     | Noticed a cyclops
  9617 | D:13     | Noticed a purple ugly thing
  9618 | D:13     | Noticed Frances
  9708 | D:12     | Found Dusokoj's Assorted Antiques.
  9719 | D:12     | Bought an ichor-stained helmet for 256 gold pieces
  9719 | D:12     | Identified the +2 helmet "Gybb" {*Slow Fly Dex+4} (You
                  | bought it in a shop on level 12 of the Dungeon)
  9719 | D:12     | Bought a bubbling sapphire potion for 24 gold pieces
  9745 | D:11     | Killed a two-headed ogre
 10145 | D:11     | Noticed a two-headed ogre
 10152 | D:11     | Killed a two-headed ogre
 10153 | D:11     | Reached XP level 12. HP: 91/110 MP: 20/20
 10262 | D:11     | Noticed a sun demon
 10297 | D:11     | Reached skill level 14 in Maces & Flails
 10495 | Lair:1   | Entered Level 1 of the Lair of Beasts
 10763 | Lair:1   | Noticed Urug
 10776 | Lair:1   | Killed Urug
 10956 | Lair:1   | Noticed Amaemon
 10971 | Lair:1   | Killed Amaemon
 11156 | Lair:1   | Reached ***** piety under Beogh
 11167 | Lair:1   | Upgraded the game from 0.29.1-debian-1-gc3f1650bb9 to
                  | 0.30-a0-118-ga018f8e90f
 11204 | Lair:1   | Killed an eight-headed hydra
 11215 | Lair:1   | Reached skill level 15 in Maces & Flails
 11986 | Lair:2   | Noticed Nergalle
 11994 | Lair:2   | Killed Nergalle
 12037 | Lair:2   | Reached XP level 13. HP: 118/119 MP: 22/22
 12173 | Lair:2   | Was placed under penance by Beogh
 12179 | Lair:2   | Your ally Hilgar died
 12196 | Lair:2   | Quit the game

Illustrated notes

Levels and vault maps discovered:
D:1:      evilmike_arrival_plus, layout_rooms
D:2:      minmay_evil_eye, layout_loops_ring, ebering_ecumenical_altar_box
D:3:      layout_basic, palyth_temple_overflow_mages, nzn_wu_jian_contemplation,
          amethyst_overflow_temple_binary, portal_sewer_entry_c
D:4:      layout_basic, trog_book, nicolae_ru_great_annihilating_truth
D:5:      layout_loops_ring, nicolae_dithmenos_the_darkroom,
          overflow_temple_1_default
D:6:      layout_basic
D:7:      layout_loops_ring, minmay_temple_entry_poolview, uniq_joseph
D:8:      layout_loops_ring, mainiacjoe_overflow_cross_hatched,
          beargit_hepliaklqana_dungeon_heroes, grunt_ministairs_7,
          dk_noncrumbling_4
D:9:      layout_roguey, mainiacjoe_overflow_paths,
          nicolae_elyvilon_peaceful_grove
D:10:     layout_basic, nicolae_trove_entry_crossroad, pond, uniq_josephine
D:11:     layout_basic, dpeg_oklobed_lair, erik_orc_3
D:12:     layout_irregular_city, serial_shops, nicolae_shop_advertising_works
          [nicolae_subvault_shop_adworks], nicolae_shop_bloodbath_and_beyond,
          nicolae_shop_trees, nicolae_square_shop, uniq_psyche, uniq_sonja,
          uniq_lodul
D:13:     layout_loops_ring, uniq_frances
D:14:     due_megacathedral, layout_small_grid, ximxim_vaults_locker_room,
          minivault_25, uniq_jorgrun
Lair:1:   layout_long_grid, nzn_random_ring, lemuel_fruit_fields,
          serial_bayou_shore_a, uniq_urug, uniq_amaemon
Lair:2:   layout_roguey [special_room_bee], minivault_26, uniq_nergalle

Skill      XL: |  1  2  3  4  5  6  7  8  9 10 11 12 |
---------------+-------------------------------------+-----
Maces & Flails | 1 2 3 4 5 7 9 11 13 15 | 15.7
Armour         | 1 2 3 5 |  5.8
Fighting       | 4 5 6 8 9 11 12 | 12.8
Shields        | 1 2 3 4 |  4.0
Invocations    | 2 4 6 8 10 12 | 12.7
Axes           | |  4.0
Dodging        | |  2.4
Stealth        | |  1.5

Action                   |  1- 3 |  4- 6 |  7- 9 | 10-12 | 13-15 || total
-------------------------+-------+-------+-------+-------+-------++-------
Melee: Hand axe          |    87 |       |       |       |       ||    87
       War axe           |    24 |   158 |   344 |   407 |     4 ||   937
Invok: Convert to Beogh  |       |       |     1 |       |       ||     1
       Smiting           |       |       |     1 |     5 |       ||     6
       Recall Orcish Fol |       |       |       |     3 |       ||     3
       Stop Recall       |       |       |       |     3 |       ||     3
       Give Item to Name |       |       |       |     1 |       ||     1
  Use: Scroll            |     2 |     1 |     9 |     8 |    10 ||    30
       Potion            |       |       |       |     2 |       ||     2
 Stab: Sleeping          |       |     1 |       |       |       ||     1
       Paralysed         |       |       |     1 |       |       ||     1
       Distracted        |       |       |     1 |     4 |       ||     5
Armor: Robe              |    26 |    42 |       |       |       ||    68
       Plate armour      |       |    10 |   251 |   100 |     3 ||   364
       Acid dragon scale |       |       |       |   101 |       ||   101
Dodge: Dodged            |    61 |    63 |   102 |   251 |     2 ||   479
Block: Buckler           |    23 |    51 |   177 |   185 |     2 ||   438
       Reflection        |     2 |     3 |     3 |     4 |       ||    12

Table legend: (Time is in decaauts)
 A = Elapsed time spent in this place.
 B = Non-inter-level travel time spent in this place.
 C = Inter-level travel time spent in this place.
 D = Time resting spent in this place.
 E = Time spent auto-exploring this place.
 F = Levels seen in this place.
 G = Mean time per level.
                   A        B        C        D        E       F      G
               +--------+--------+--------+--------+--------+-----+--------+
         Total |  12363 |  12110 |    253 |   2381 |   4068 |  17 |  727.2 |
       Dungeon |  10108 |   9863 |    245 |   1856 |   3543 |  14 |  722.0 |
          Lair |   1701 |   1694 |      7 |    295 |    498 |   2 |  850.5 |
         Sewer |    553 |    553 |      0 |    230 |     27 |   1 |  553.0 |
               +--------+--------+--------+--------+--------+-----+--------+

Top non-repeatable levels by time:
    D:11: 1348 daAuts
     D:1: 1110 daAuts
  Lair:1: 1002 daAuts
     D:5: 977 daAuts
     D:9: 942 daAuts
     D:8: 916 daAuts
     D:6: 854 daAuts
     D:3: 818 daAuts
     D:7: 771 daAuts
    D:10: 733 daAuts
  Lair:2: 698 daAuts
     D:2: 628 daAuts
     D:4: 588 daAuts
   Sewer: 553 daAuts
    D:13: 195 daAuts
